AoeStats
← teshi

African Clearing

510978920Analyzed
4v4 RM · 14h ago on Oct 3, 2026· 35m 0s· 8 players
Game mode
Random Map
Map size
Large (8 player)
Population
200
Speed
Normal
Resources
Standard
Victory
Conquest
Starting age
Dark Age
Ending age
Imperial Age
RankedLock teamsTeams togetherTeam positionsShared explorationLock speedFull tech treeHidden civsTurbo modeCheats
Victory
Defeat
🇩🇪 Spanish · Germany
1302
+11
🇭🇰 Inca · Hong Kong SAR China
1286
+12
🇦🇺 Franks · Australia
1219
+15
🇯🇵 Portuguese · Japan
1149
+18
🇲🇽 Persians · Mexico
1217
-15
🇩🇪 Hindustanis · Germany
1215
-15
🇬🇧 Poles · United Kingdom
1179
-13
🇳🇿 Berbers · New Zealand
1167
-13
Mr.Rol3ot
9:18 Loom
11:48 Feudal Age
12:09 Double-Bit Axe
16:16 Gold Mining
20:58 Fletching
21:09 Padded Archer Armor
23:10 Wheelbarrow
22:26 Horse Collar
28:33 Castle Age
bubububu34bu
5:34 Loom
15:06 Feudal Age
16:20 Town Watch
22:02 Castle Age
25:51 Fletching
zoibe
4:48 Loom
13:15 Feudal Age
13:52 Double-Bit Axe
18:33 Castle Age
17:09 Horse Collar
19:15 Bloodlines
19:27 Bow Saw
21:54 Forging
21:51 Scale Barding Armor
25:26 Town Watch
Ty
4:20 Loom
13:36 Feudal Age
18:50 Forging
24:46 Castle Age
22:38 Double-Bit Axe
23:17 Fletching
25:14 Light Cavalry
venOm
14:03 Feudal Age
12:52 Loom
13:09 Loom
17:39 Castle Age
16:52 Double-Bit Axe
18:45 Bow Saw
23:18 Fishing Lines
27:03 Gillnets
29:53 Fletching
33:01 Bodkin Arrow
Matt Cash
7:00 Loom
13:44 Feudal Age
18:32 Castle Age
19:07 Wheelbarrow
18:17 Town Watch
18:25 Double-Bit Axe
20:52 Squires
26:48 Fletching
27:09 Forging
33:28 Iron Casting
Aker Starlight
5:18 Loom
14:23 Feudal Age
15:01 Double-Bit Axe
19:36 Castle Age
17:57 Champi Runner
20:05 Forging
20:54 Wheelbarrow
20:52 Bow Saw
22:02 Scale Mail Armor
23:25 Champi Warrior
24:47 Squires
24:50 Horse Collar
28:17 Chain Mail Armor
29:58 Iron Casting
30:41 Hand Cart
32:59 Arson
teshi
4:03 Loom
7:56 Loom
11:07 Loom
13:39 Feudal Age
15:08 Double-Bit Axe
15:38 Gold Mining
16:12 Fletching
18:13 Padded Archer Armor
23:36 Castle Age
25:02 Bodkin Arrow
25:12 Crossbowman
28:07 Pikeman
28:50 Town Watch
29:58 Bow Saw
29:29 Horse Collar
34:16 Wheelbarrow
Connection lost

Rejoining the realm…

Still unreachable

The connection could not be restored.

Session expired

The server has moved on; the page needs a fresh start.